 Dungeon Crawl Stone Soup version 0.27-a0-1384-g1422d76b99 (webtiles) character file.

Game seed: 10614668275379142197

28 dickylongcocking the Magician (level 3, 0/29 HPs)
             Began as a Djinni Wanderer on July 1, 2021.
             Slain by a gnoll (6 damage)
             ... on level 1 of the Dungeon.
             The game lasted 00:01:47 (1988 turns).

dickylongcocking the Magician (Djinni Wanderer)     Turns: 1988, Time: 00:01:48

Health: 0/29       AC:  3    Str: 11    XL:     3   Next: 27%
Gold:   0          EV: 11    Int: 15    God:
                   SH:  0    Dex: 11

rFire    + + .     SeeInvis .   c - +0 rapier
rCold    x . .     Faith    .   (no shield)
rNeg     . . .     Spirit   .   b - +0 robe
rPois    ∞         Reflect  .   (no helmet)
rElec    .         Harm     .   (no cloak)
rCorr    .         Rampage  .   h - +0 pair of gloves
Will     .....                  (boots unavailable)
Stlth    +.........             (no amulet)
HPRegen  0.09/turn              (no ring)
MPRegen  0.00/turn              (no ring)

@: flying
A: sickness immunity, fire resistance 2, cold vulnerability 1, float, innate
caster, hp casting, extra vitality 1
a: no special abilities


You were on level 1 of the Dungeon.
You visited 1 branch of the dungeon, and saw 2 of its levels.

Inventory:

Hand Weapons
 a - a +0 club
 c - a +0 rapier (weapon)
Armour
 b - a +0 robe (worn)
 f - a +0 pair of gloves
 h - a +0 pair of gloves (worn)
Scrolls
 d - a scroll of immolation {unknown}
 g - a scroll of magic mapping {unknown}


   Skills:
 * Level 2.6 Fighting
 - Level 1.0 Stealth
 - Level 1.0 Shields
 - Level 6.6 Spellcasting


You couldn't memorise any spells.
You knew the following spells:

 Your Spells              Type           Power      Damage    Failure   Level
a - Magic Dart            Conj           96%        1d7       1%          1
b - Blink                 Tloc           N/A        N/A       1%          2
c - Call Imp              Summ           24%        N/A       1%          2
d - Slow                  Hex            24%        N/A       1%          2
e - Conjure Flame         Conj/Fire      24%        6-21      2%          3
f - Mephitic Cloud        Conj/Pois/Air  24%        N/A       2%          3
g - Passwall              Tmut/Erth      20%        N/A       1%          2
h - Wereblood             Tmut           24%        N/A       1%          2
i - Wereblood             Tmut           24%        N/A       1%          2
j - Passwall              Tmut/Erth      20%        N/A       1%          2
k - Corona                Hex            26%        N/A       1%          1

Your spell library contained the following spells:

 Spells                   Type           Power      Damage    Failure   Level


Dungeon Overview and Level Annotations

Branches:
Dungeon (2/15)

Altars:


Innate Abilities, Weirdness & Mutations

You are immune to sickness and miasma.
You are immune to poison.
Your flesh is very heat resistant. (rF++)
You are vulnerable to cold. (rC-)
You float through the air rather than walking.
You learn spells naturally, not from books.
Your magical power is your life essence.
You have superior vitality. (+4 HP)


Message History

Unknown command.
You hit the adder.
The adder is lightly wounded.
The adder barely misses you. The gnoll hits you with a +0 spear!
The adder bites you but does no damage.
Your shadow imp closely misses the adder.
Unknown command.
Unknown command.
Casting: Call Imp (safe; 1% risk of failure)
Confirm with . or Enter, or press ? or * to list all spells.
Okay, then.
Casting: Call Imp (safe; 1% risk of failure)
Confirm with . or Enter, or press ? or * to list all spells.
You blink.
* * * LOW HITPOINT WARNING * * *
The gnoll closely misses you.
Unknown command.
Unknown command.
Unknown command.
Casting: Blink (safe; 1% risk of failure)
Confirm with . or Enter, or press ? or * to list all spells.
Okay, then.
Casting: Blink (safe; 1% risk of failure)
Confirm with . or Enter, or press ? or * to list all spells.
Aiming: Mephitic Cloud (dangerous; 2% risk of failure)
Press: ? - help, Shift-Dir - straight line, f - gnoll
Aim: a gnoll, wielding a +0 spear (chance to affect: 91%)
The ball explodes into a vile cloud!
The stinking cloud engulfs the gnoll but does no damage.
The stinking cloud engulfs the adder but does no damage.
The adder is lightly wounded.
* * * LOW HITPOINT WARNING * * *
The adder is engulfed in noxious fumes.
The adder appears confused.
The gnoll is engulfed in noxious fumes.
The gnoll appears confused.
Unknown command.
Unknown command.
Unknown command.
Unknown command.
You hit the gnoll but do no damage. The gnoll hits you with a +0 spear.
You die...

...###.##.# #######.#
#......##.# #.#
##.....##.##### #.#
.##.......))..# #.#
..##..(...###.# #.#
(..#......# #.# #.#
...##....## #.# #.#
....#...#####.######.###
#...##..........@g☼S...#
#...#.#######.######5#.#
#...### #S# #.#.# ....#
#.# #S#.# ######
####.######.#.# .....##
#......5S...#.## ......#
#.##.########..##
......# #.##.# ##.#.##
..###.# #.##.# ##..##.##


You could see a gnoll (confused), an adder (confused, ally target) and a
friendly shadow imp (summoned).

Vanquished Creatures
  A dart slug (D:1)
  2 ball pythons (D:1)
  An endoplasm (D:1)
  A giant cockroach (D:1)
  2 goblins (D:1)
  3 hobgoblins (D:1)
  4 kobolds (D:1)
  A quokka (D:1)
  2 frilled lizards (D:1)
  5 rats (D:1)
22 creatures vanquished.

Vanquished Creatures (collateral kills)
  An endoplasm (D:1)
  2 kobolds (D:1)
3 creatures vanquished.

Grand Total: 25 creatures vanquished

Notes
Turn   | Place    | Note
-------+----------+-------------------------------------------
     0 | D:1      | dickylongcocking the Djinni Wanderer began the quest for
                  | the Orb.
     0 | D:1      | Reached XP level 1. HP: 15/15 MP: 0/0
   335 | D:1      | Reached skill level 1 in Fighting
   528 | D:1      | Reached XP level 2. HP: 21/22 MP: 0/0
   958 | D:1      | Reached XP level 3. HP: 26/29 MP: 0/0
   958 | D:1      | Learned a level 1 spell: Corona
  1988 | D:1      | Slain by a gnoll

Illustrated notes

Levels and vault maps discovered:
D:1:      dpeg_arrival_circle_labyrinth_c, layout_loops_ring
D:2:      layout_rooms, uniq_robin

Skill      XL: |  1  2 |
---------------+-------+-----
Fighting       | 1 2 |  2.6
Stealth        | |  1.0
Shields        | |  1.0
Spellcasting   | |  6.6

Action                   || total
-------------------------++-------
Melee: Rapier            ||    44
 Cast: Magic Dart        ||    15
       Call Imp          ||     4
       Mephitic Cloud    ||     1
       Blink             ||     1
  Use: Scroll            ||     1
 Stab: Sleeping          ||     2
Armor: Robe              ||    14
Dodge: Dodged            ||    39

Table legend: (Time is in decaauts)
 A = Elapsed time spent in this place.
 B = Non-inter-level travel time spent in this place.
 C = Inter-level travel time spent in this place.
 D = Time resting spent in this place.
 E = Time spent auto-exploring this place.
 F = Levels seen in this place.
 G = Mean time per level.
                   A        B        C        D        E       F      G
               +--------+--------+--------+--------+--------+-----+--------+
         Total |   1997 |   1872 |    125 |    232 |   1386 |   2 |  998.5 |
       Dungeon |   1997 |   1872 |    125 |    232 |   1386 |   2 |  998.5 |
               +--------+--------+--------+--------+--------+-----+--------+

Top non-repeatable levels by time:
     D:1: 1989 daAuts
     D:2: 7 daAuts
